 Dungeon Crawl Stone Soup version 0.28-a0-1130-gc51a68064b (webtiles) character file.

Game seed: 9111307952810244707

305 SensoryNuts the Slasher (level 6, 0/46 HPs)
             Began as a Demonspawn Gladiator on Dec 12, 2021.
             Slain by a goblin (5 damage)
             ... led by Robin
             ... on level 2 of the Dungeon.
             The game lasted 00:02:07 (1773 turns).

SensoryNuts the Slasher (Demonspawn Gladiator)      Turns: 1773, Time: 00:02:08

Health: 0/46       AC:  4    Str: 17    XL:     6   Next: 15%
Magic:  6/6        EV: 14    Int:  9    God:
Gold:   48         SH:  0    Dex: 14    Spells: 5/5 levels left

rFire   . . .      SeeInvis .   i - +0 scythe (freeze)
rCold   . . .      Faith    .   (shield currently unavailable)
rNeg    . . .      Spirit   .   b - +0 leather armour
rPois   .          Reflect  .   c - +0 helmet
rElec   .          Harm     .   (no cloak)
rCorr   .          Rampage  .   (no gloves)
Will    .....                   (no boots)
Stlth   +.........              (no amulet)
HPRegen 0.15/turn               (no ring)
MPRegen 0.10/turn               (no ring)

@: no status effects
A: repulsion field 1, demonic guardian 1, weakness stinger 2
a: no special abilities


You were on level 2 of the Dungeon.
You visited 1 branch of the dungeon, and saw 2 of its levels.

You collected 48 gold pieces.

Inventory:

Hand Weapons
 a - a +0 long sword
 e - a +0 whip of venom
 i - a +0 scythe of freezing (weapon)
Missiles
 d - 3 throwing nets (quivered)
Armour
 b - a +0 leather armour (worn)
 c - a +0 helmet (worn)
Wands
 m - a wand of iceblast (5)
Scrolls
 g - a scroll of amnesia {unknown}
 h - a scroll of vulnerability {unknown}
 j - a scroll of magic mapping {unknown}
 k - a scroll of summoning {unknown}
 l - a scroll of immolation {unknown}
 n - a scroll of enchant weapon {unknown}
Potions
 f - 4 potions of curing {unknown}


   Skills:
 + Level 2.8 Fighting
 + Level 3.5 Long Blades
 + Level 2.8 Maces & Flails
 + Level 0.3 Polearms
 + Level 1.8 Throwing
 + Level 2.1 Armour
 + Level 3.4 Dodging
 + Level 1.1 Stealth


You had 5 spell levels left.
You didn't know any spells.
Your spell library contained the following spells:

 Spells                   Type           Power      Damage    Failure   Level
 Sting                    Tmut/Pois      0%         1d3       43%         1
 Poisonous Vapours        Pois/Air       0%         N/A       58%         2
 Olgreb's Toxic Radiance  Pois           0%         N/A       99%         4


Dungeon Overview and Level Annotations

Branches:
Dungeon (2/15)

Altars:

Annotations:
D:2 Natasha, Robin


Innate Abilities, Weirdness & Mutations

You are surrounded by a mild repulsion field. (EV +2)
A weak demonic guardian rushes to your aid.
You have a tail ending in a sharp stinger.


Message History

The goblin hits you but does no damage. The goblin barely misses you.
The goblin hits you but does no damage. x2
You hear a shout!
You closely miss the goblin.
The goblin is heavily wounded.
The goblin closely misses you. The goblin completely misses you.
The goblin closely misses you. The goblin hits you with a +0 dagger.
A demonic guardian appears!
The goblin closely misses you. The goblin barely misses you.
The goblin hits you with a +0 dagger.
The goblin hits you but does no damage. x3
You hit the goblin but do no damage.
The goblin is heavily wounded.
Natasha, Servant of Life and Death comes into view.
The goblin barely misses you.
The goblin hits you with a +0 dagger. x2
The goblin hits you but does no damage. The goblin barely misses you.
Your shadow imp misses the goblin.
The goblin hits you with a +0 club. The goblin misses you.
The goblin closely misses you. The goblin hits you with a +0 dagger.
The goblin hits you but does no damage.
Your shadow imp closely misses the goblin.
You barely miss the goblin.
Your tail-slap misses the goblin.
The goblin is moderately wounded.
The goblin hits you with a +0 club. The goblin closely misses you.
The goblin hits you with a +0 dagger. x2
* * * LOW HITPOINT WARNING * * *
The goblin closely misses you.
Your shadow imp hits the goblin.
The goblin dies!
The goblin hits you with a +0 club.
* * * LOW HITPOINT WARNING * * *
The goblin hits you with a +0 dagger.
* * * LOW HITPOINT WARNING * * *
The goblin completely misses you.
You hit the goblin. You freeze the goblin.
You kill the goblin!
The goblin closely misses you. The goblin hits you but does no damage.
The goblin misses you.
Your shadow imp closely misses the goblin.
The goblin hits you with a +0 dagger.
* * * LOW HITPOINT WARNING * * *
The goblin hits you with a +0 club.
You die...

....[........# ###.#######.......
.........)...# #.........#.......
.............###.........#..)....
.................................
.......<.....###.........#..†....
.............# #.........#.......
.............# ###.#######.......
.............###gg.############.#
...............5@gh.....# #.#
################g######.# #.# ..#
#g# #.## #.# #.# #.# #..# #.# #.#
#g#######.######.# #.#
.......g................ #.#
...g....########.#####.# #.#
........########........ #.#
........................


You could see Robin, Natasha, 6 goblins and a friendly shadow imp (summoned).

Vanquished Creatures
  Sigmund (D:2)
  Jessica (D:2)
  Natasha (D:2)
  3 adders (D:2)
  A gnoll (D:1)
  A worm (D:2)
  3 dart slugs
  5 endoplasms
  2 giant cockroaches (D:1)
  4 goblins
  8 hobgoblins
  2 quokkas
  4 ball pythons
  4 bats
  4 frilled lizards
  4 kobolds
  3 rats
51 creatures vanquished.

Vanquished Creatures (collateral kills)
  A goblin (D:2)
1 creature vanquished.

Vanquished Creatures (others)
  3 plants (D:2)
3 creatures vanquished.

Grand Total: 55 creatures vanquished

Notes
Turn   | Place    | Note
-------+----------+-------------------------------------------
     0 | D:1      | SensoryNuts the Demonspawn Gladiator began the quest for
                  | the Orb.
     0 | D:1      | Reached XP level 1. HP: 16/16 MP: 1/1
   304 | D:1      | Gained mutation: A weak demonic guardian rushes to your
                  | aid. [demonic ancestry]
   304 | D:1      | Reached XP level 2. HP: 19/22 MP: 2/2
   585 | D:1      | Gained mutation: You have a small tail. [demonic ancestry]
   585 | D:1      | Reached XP level 3. HP: 27/27 MP: 3/3
  1056 | D:2      | Noticed Jessica
  1064 | D:2      | Killed Jessica
  1065 | D:2      | Reached skill level 1 in Armour
  1065 | D:2      | Gained mutation: You have a tail ending in a sharp stinger.
                  | [demonic ancestry]
  1065 | D:2      | Reached XP level 4. HP: 26/33 MP: 4/4
  1172 | D:2      | Reached skill level 1 in Maces & Flails
  1202 | D:2      | Noticed Sigmund
  1214 | D:2      | Killed Sigmund
  1215 | D:2      | Reached skill level 1 in Stealth
  1215 | D:2      | Gained mutation: You are surrounded by a mild repulsion
                  | field. (EV +2) [demonic ancestry]
  1215 | D:2      | Reached XP level 5. HP: 11/39 MP: 5/5
  1572 | D:2      | Reached XP level 6. HP: 46/46 MP: 6/6
  1579 | D:2      | Noticed Natasha
  1582 | D:2      | Killed Natasha
  1760 | D:2      | Noticed Robin
  1771 | D:2      | Noticed Natasha
  1773 | D:2      | Slain by a goblin

Illustrated notes

Levels and vault maps discovered:
D:1:      co_arrival_square_in_a_square_in_a_square, layout_basic
D:2:      layout_basic, serial_bayou_crossing, uniq_jessica, uniq_sigmund,
          uniq_robin, uniq_natasha

Skill      XL: |  1  2  3  4 |
---------------+-------------+-----
Long Blades    | 3 |  3.5
Dodging        | 3 |  3.4
Armour         | 1 2 |  2.1
Maces & Flails | 2 |  2.8
Stealth        | 1 |  1.1
Fighting       | |  2.8
Polearms       | |  0.3
Throwing       | |  1.8

Action                   |  1- 3 |  4- 6 || total
-------------------------+-------+-------++-------
Melee: Long sword        |    19 |       ||    19
       Whip              |    54 |    22 ||    76
       Tailslap          |     6 |     6 ||    12
       Scythe            |       |    35 ||    35
  Use: Potion            |       |     1 ||     1
 Stab: Sleeping          |     2 |     2 ||     4
Armor: Leather armour    |    15 |    30 ||    45
Dodge: Dodged            |    81 |    66 ||   147

Table legend: (Time is in decaauts)
 A = Elapsed time spent in this place.
 B = Non-inter-level travel time spent in this place.
 C = Inter-level travel time spent in this place.
 D = Time resting spent in this place.
 E = Time spent auto-exploring this place.
 F = Levels seen in this place.
 G = Mean time per level.
                   A        B        C        D        E       F      G
               +--------+--------+--------+--------+--------+-----+--------+
         Total |   1833 |   1833 |      0 |      0 |   1473 |   2 |  916.5 |
       Dungeon |   1833 |   1833 |      0 |      0 |   1473 |   2 |  916.5 |
               +--------+--------+--------+--------+--------+-----+--------+

Top non-repeatable levels by time:
     D:1: 1004 daAuts
     D:2: 828 daAuts
